 Dungeon Crawl Stone Soup version 0.27.1-2-g3b301248ec (webtiles) character file.

Game seed: 2124830627173536661

39 nxtlvl the Charlatan (level 3, 0/20 HPs)
             Began as a Deep Elf Artificer on Sept 27, 2021.
             Was an Initiate of Kikubaaqudgha.
             Slain by an orc (2 damage)
             ... on level 4 of the Dungeon.
             The game lasted 00:10:59 (879 turns).

nxtlvl the Charlatan (Deep Elf Artificer)            Turns: 879, Time: 00:10:59

Health: 0/20       AC:  3    Str:  9    XL:     3   Next: 28%
Magic:  5/5        EV: 12    Int: 16    God:    Kikubaaqudgha [......]
Gold:   60         SH:  0    Dex: 15    Spells: 2/2 levels left

rFire    . . .     SeeInvis .   a - +3 dagger
rCold    . . .     Faith    .   (no shield)
rNeg     . . .     Spirit   .   i - +0 leather armour
rPois    .         Reflect  .   (no helmet)
rElec    .         Harm     .   (no cloak)
rCorr    .         Rampage  .   (no gloves)
Will     .....                  (no boots)
Stlth    ++........             (no amulet)
HPRegen  0.06/turn              (no ring)
MPRegen  0.09/turn              (no ring)

@: no status effects
A: no striking features
a: Renounce Religion


You were on level 4 of the Dungeon.
You worshipped Kikubaaqudgha.
Kikubaaqudgha was noncommittal.
You visited 1 branch of the dungeon, and saw 4 of its levels.

You collected 60 gold pieces.

Inventory:

Hand Weapons
 a - a +3 dagger (weapon)
 b - a +2 falchion of freezing
 l - a +0 dagger
Missiles
 f - 14 poisoned darts (quivered)
 h - 12 arrows
Armour
 i - a +0 leather armour (worn)
Magical Staves
 j - a staff of conjuration
Wands
 c - a wand of flame (14)
 d - a wand of charming (15)
Scrolls
 g - 2 scrolls of identify {unknown}
 k - a scroll of fear {unknown}
Miscellaneous
 e - a piece from Xom's chessboard (13/15)


   Skills:
 - Level 0.7 Fighting
 + Level 2.0 Short Blades
 - Level 0.7 Armour
 - Level 2.4 Dodging
 - Level 1.2 Stealth
 - Level 4.1 Evocations


You had 2 spell levels left.
You didn't know any spells.
Your spell library contained the following spells:

 Spells                   Type           Power      Damage    Failure   Level
 Slow                     Hex            0%         N/A       45%         2
 Confusing Touch          Hex            0%         N/A       71%         3
 Yara's Violent Unravell  Hex/Tmut       0%         3d3       100%        5


Dungeon Overview and Level Annotations

Branches:
Dungeon (4/15)
 Temple: D:4-7

Altars:
Kikubaaqudgha
Okawaru
Ru


Message History

You climb upwards.
There is a stone staircase leading down here.
You closely miss the goblin. The goblin hits you with a +0 club.
You hit the goblin. You freeze the goblin.
You kill the goblin!
Kikubaaqudgha accepts your kill.
There is a stone staircase leading down here.
You climb downwards.
There is a stone staircase leading up here.
There is an open door here.
There is an open door here.
Found 14 gold pieces.
You now have 60 gold pieces (gained 14).
A worm comes into view.
You can't go down here!
There is a stone staircase leading down here.
You climb downwards.
There is a stone staircase leading up here.
An orc comes into view. It is wielding a +0 mace.
Found a smouldering trident.
The orc shouts!
The orc throws a boomerang.
The boomerang hits you.
Things that are here:
a +3 dagger; a goblin skeleton
l - a +3 dagger Adjust (i)tems, (s)pells, or (a)bilities?
l - a +3 dagger Adjust to which letter? (? for menu, Esc to quit)
a - a +3 dagger;
l - a +0 dagger Your +2 falchion of freezing stops glowing.
a - a +3 dagger (weapon)
The orc throws a boomerang.
The boomerang hits you. The orc hits you with a +0 mace.
* * * LOW HITPOINT WARNING * * *
You see here 2 poisoned darts.
You hit the orc.
The orc is lightly wounded.
The orc hits you with a +0 mace.
You die...
Kikubaaqudgha rasps: "You have failed me!
Welcome... death!"

. #..........## ....
..####..........# ....
#..............###.#....
........)...............
#.............##.#....
#...........#..# ...
#......(...###..# ...
#..##.รท....## #... .##
#.. #@........ .#.. #
#...o......#.. ##. #
#..........#..
.......#.....#
.......#.......
..)...####...... ......
##.... ...... ...


You could see an orc.

Vanquished Creatures
  An adder (D:4)
  An adder skeleton (D:4)
  2 dart slugs
  An orc (D:3)
  2 bats
  A giant cockroach (D:1)
  5 goblins
  2 hobgoblins (D:1)
  2 ball pythons
  A frilled lizard (D:3)
  3 kobolds (D:3)
  2 rats (D:1)
23 creatures vanquished.

Vanquished Creatures (others)
  A human (D:3)
1 creature vanquished.

Grand Total: 24 creatures vanquished

Notes
Turn   | Place    | Note
-------+----------+-------------------------------------------
     0 | D:1      | nxtlvl the Deep Elf Artificer began the quest for the Orb.
     0 | D:1      | Reached XP level 1. HP: 11/11 MP: 3/3
   173 | D:1      | Reached skill level 4 in Evocations
   173 | D:1      | Reached XP level 2. HP: 14/16 MP: 4/4
   503 | D:4      | Reached skill level 1 in Short Blades
   543 | D:3      | Found a faded altar of an unknown god.
   599 | D:4      | Reached XP level 3. HP: 1/20 MP: 5/5
   627 | D:4      | Found an iron altar of Okawaru.
   698 | D:3      | Found an ancient bone altar of Kikubaaqudgha.
   698 | D:3      | Noticed a human
   703 | D:3      | Killed a human
   711 | D:3      | Found a sacrificial altar of Ru.
   737 | D:3      | Became a worshipper of Kikubaaqudgha
   879 | D:4      | Slain by an orc

Illustrated notes

Levels and vault maps discovered:
D:1:      dpeg_arrival_rhombi, layout_loops_ring
D:2:      layout_loops_corners, uniq_sigmund, uniq_robin, uniq_natasha
D:3:      cheibrodos_thug_alley, layout_loops_corners, tgw_kikubaaqudgha,
          mainiacjoe_overflow_alcove_2, basic_ecumenical_altar,
          minmay_misc_feat_secret_circle, fountainhead
D:4:      layout_cave_pools, nicolae_gozag_seed_capital,
          okawaru_metal_pillars_1_2, mainiacjoe_overflow_alcove_4,
          corner_web_ring, st_stairs_5

Skill      XL: |  1  2  3 |
---------------+----------+-----
Evocations     | 4 |  4.1
Short Blades   | 1 2 |  2.0
Fighting       | |  0.7
Armour         | |  0.7
Dodging        | |  2.4
Stealth        | |  1.2

Action                   || total
-------------------------++-------
Melee: Club              ||     6
       Falchion          ||    15
       Dagger            ||    10
Throw: Dart              ||    52
Evoke: Piece from Xom's  ||     2
       Wand              ||     1
Armor: Leather armour    ||    19
Dodge: Dodged            ||    35
       Rpst.: Falchion   ||     4
